 Dungeon Sprint DCSS version 0.22-a0-429-g97ce8ef (webtiles) character file.

437 jerryfan the Magician (level 7, -16/57 HPs)
             Began as a Gnoll Wanderer on May 25, 2018.
             Demolished by Sonja
             ... wielding a +2 short sword of distortion
              (17 damage)
             ... in the Dungeon (Sprint I: "Red Sonja").
             The game lasted 00:03:35 (655 turns).

jerryfan the Magician (Gnoll Wanderer)               Turns: 655, Time: 00:03:37

Health: -16/57     AC:  7    Str: 17    XL:     7   Next: 1%
Magic:  17/17      EV: 12    Int: 16    God:
Gold:   297        SH:  0    Dex: 12    Spells: 20/20 levels left

rFire    . . .     SeeInvis .   b - +2 blowgun
rCold    . . .     Gourm    .   (no shield)
rNeg     . . .     Faith    .   n - +0 scale mail
rPois    .         Spirit   .   (no helmet)
rElec    .         Reflect  .   (no cloak)
rCorr    .         Harm     .   (no gloves)
MR       .....     NoTele   +   (no boots)
Stlth    ++........             (no amulet)
HPRegen  0.19/turn              (no ring)
MPRegen  0.15/turn              (no ring)

@: lethally poisoned (-16 -> -43), slowed, very slow
A: distributed training, fangs 1, strong nose
a: no special abilities


You were in the Dungeon.
You were not hungry.

You visited 1 branch You collected 297 gold pieces.

Inventory:

Hand Weapons
 b - a +2 blowgun (weapon)
 d - a +0 spear
 m - a +0 club
Missiles
 a - 2 curare-tipped needles (quivered)
Armour
 e - a +0 robe
 n - a +0 scale mail (worn)
Scrolls
 c - a scroll of identify {unknown}
 l - a scroll of blinking
Potions
 g - a potion of curing
 i - a potion of haste
 j - 2 potions of magic
 k - a potion of berserk rage
Comestibles
 f - 2 rations


   Skills:
 + Level 5.6 Fighting
 + Level 5.0 Short Blades
 + Level 5.0 Long Blades
 + Level 5.0 Axes
 + Level 5.0 Maces & Flails
 + Level 6.8 Polearms
 + Level 5.0 Staves
 + Level 5.0 Slings
 + Level 5.0 Bows
 + Level 5.0 Crossbows
 + Level 5.6 Throwing
 + Level 5.0 Armour
 + Level 5.6 Dodging
 + Level 5.5 Stealth
 + Level 5.0 Shields
 + Level 5.0 Unarmed Combat
 + Level 7.1 Spellcasting
 + Level 4.6 Conjurations
 + Level 4.1 Hexes
 + Level 4.1 Charms
 + Level 4.1 Summonings
 + Level 4.1 Necromancy
 + Level 4.1 Translocations
 + Level 4.1 Transmutations
 + Level 4.1 Fire Magic
 + Level 4.1 Ice Magic
 + Level 4.1 Air Magic
 + Level 4.1 Earth Magic
 + Level 4.1 Poison Magic
 + Level 5.4 Invocations
 + Level 5.6 Evocations


You had 20 spell levels left.
You didn't know any spells.
Your spell library contained the following spells:

 Spells                   Type           Power        Failure   Level  Hunger
 Stone Arrow              Conj/Erth      ###...       19%         3    ##.....
 Sandblast                Erth           ###...       7%          1    None


Dungeon Overview and Level Annotations

Branches:
Dungeon (1/1)

Altars:
Cheibriados
Dithmenos
Elyvilon
Fedhas
Hepliaklqana
Kikubaaqudgha
Makhleb
Okawaru
Qazlal
Ru
Sif Muna
Trog
Uskayaw
Vehumet
Wu Jian
Xom
Yredelemnul
Zin
The Shining One
Jiyva
Lugonu

Shops:
D }

Annotations:
D Sonja


Innate Abilities, Weirdness & Mutations

Your experience applies equally to all skills.
You have very sharp teeth.
Your uncanny sense of smell can sniff out nearby items.


Message History

a - 3 curare-tipped needles
* * * LOW HITPOINT WARNING * * *
You feel very sick.
Sonja plants her feet in a plie.
Firing (i - inventory)
a - 3 curare-tipped needles (quivered)
Press: ? - help, Shift-Dir - straight line, f/p - Sonja
Aim: Sonja, wielding a blowgun You shoot a curare-tipped needle.
The curare-tipped needle barely misses Sonja.
* * * LOW HITPOINT WARNING * * *
You feel very sick.
Sonja unwields an uncursed blowgun.
Sonja wields an uncursed short sword of distortion.
Its appearance distorts for a moment.
Sonja barely misses you. Sonja hits you but does no damage.
Space warps horribly around you!
* * * LOW HITPOINT WARNING * * *
Sonja hits you with an uncursed short sword of distortion.
* * * LOW HITPOINT WARNING * * *
Space warps horribly around you!
You die...

################ ##
#<.#..'..#..'..#__#∆∆
#.)'..#..').#..+J.+∆∆
#..#####'#####'#__#
## #..#
#..#...#.####!)#
#..#__####..##)#§≈≈.c
∆
#..#_____##'#_.+§≈≈.§
#⌠⌠#_.∩...'.(._#§§§§c
∆
####_..__##_@#'##+##
∆∆ ___ ##K#.#∆∆∆∆ #
#.### ∆ $.$ ∆∆ ∆∆ ∆
$.$ ##(## ∆#+#∆ ∆∆∆∆∆
∆∆∆∆∆


You could see Sonja.

Vanquished Creatures
  Sigmund (D)
  A yak (D)
  An ogre (D)
  A jelly (D)
  Ijyb (D)
5 creatures vanquished.

Vanquished Creatures (others)
  A gargoyle (D)
1 creature vanquished.

Grand Total: 6 creatures vanquished

Notes
Turn   | Place    | Note
-------+----------+-------------------------------------------
     0 | D        | jerryfan the Gnoll Wanderer began the quest for the Orb.
     0 | D        | jerryfan set off with: 3 curare-tipped needles, a +2 blowgun, a +0 spear, a +0 robe, a ration, a potion of curing, a potion of heal wounds, a potion of haste, 2 potions of magic, a potion of berserk rage, a scroll of blinking
     0 | D        | Reached XP level 1. HP: 17/17 MP: 6/6
     1 | D        | Noticed Ijyb
    15 | D        | Killed Ijyb
    15 | D        | Reached skill level 1 in Short Blades
    15 | D        | Reached skill level 1 in Long Blades
    15 | D        | Reached skill level 1 in Axes
    15 | D        | Reached skill level 1 in Maces & Flails
    15 | D        | Reached skill level 1 in Staves
    15 | D        | Reached skill level 1 in Slings
    15 | D        | Reached skill level 1 in Bows
    15 | D        | Reached skill level 1 in Crossbows
    15 | D        | Reached skill level 1 in Armour
    15 | D        | Reached skill level 1 in Shields
    15 | D        | Reached skill level 1 in Unarmed Combat
    15 | D        | Reached skill level 5 in Spellcasting
    15 | D        | Reached skill level 1 in Hexes
    15 | D        | Reached skill level 1 in Charms
    15 | D        | Reached skill level 1 in Summonings
    15 | D        | Reached skill level 1 in Necromancy
    15 | D        | Reached skill level 1 in Translocations
    15 | D        | Reached skill level 1 in Transmutations
    15 | D        | Reached skill level 1 in Fire Magic
    15 | D        | Reached skill level 1 in Ice Magic
    15 | D        | Reached skill level 1 in Air Magic
    15 | D        | Reached skill level 1 in Earth Magic
    15 | D        | Reached skill level 1 in Poison Magic
    15 | D        | Reached skill level 1 in Invocations
    15 | D        | Reached XP level 2. HP: 16/24 MP: 8/8
    15 | D        | Reached XP level 3. HP: 19/29 MP: 9/9
   118 | D        | Noticed an ogre
   128 | D        | Killed an ogre
   128 | D        | Reached skill level 5 in Polearms
   128 | D        | Reached XP level 4. HP: 37/37 MP: 9/11
   149 | D        | Noticed Sigmund
   168 | D        | Killed Sigmund
   168 | D        | Reached skill level 5 in Fighting
   168 | D        | Reached skill level 5 in Throwing
   168 | D        | Reached skill level 5 in Dodging
   168 | D        | Reached skill level 6 in Spellcasting
   168 | D        | Reached skill level 5 in Evocations
   168 | D        | Reached XP level 5. HP: 37/44 MP: 12/14
   168 | D        | Reached XP level 6. HP: 43/51 MP: 12/15
   188 | D        | Found an ornate altar of the Wu Jian Council.
   188 | D        | Found a deep blue altar of Sif Muna.
   192 | D        | Found a radiant altar of Vehumet.
   225 | D        | Reached skill level 5 in Stealth
   375 | D        | Found Ogeut's Gadget Emporium.
   375 | D        | Found an ancient bone altar of Kikubaaqudgha.
   375 | D        | Found a stormy altar of Qazlal.
   375 | D        | Found a blossoming altar of Fedhas.
   375 | D        | Found a bloodstained altar of Trog.
   375 | D        | Found an iron altar of Okawaru.
   375 | D        | Found a glowing golden altar of the Shining One.
   375 | D        | Found a glowing silver altar of Zin.
   375 | D        | Found a white marble altar of Elyvilon.
   375 | D        | Noticed a yak
   380 | D        | Found a hazy altar of Hepliaklqana.
   380 | D        | Found a hide-covered altar of Uskayaw.
   380 | D        | Found a basalt altar of Yredelemnul.
   380 | D        | Found a snail-covered altar of Cheibriados.
   380 | D        | Found a sacrificial altar of Ru.
   380 | D        | Found a shadowy altar of Dithmenos.
   413 | D        | Killed a yak
   413 | D        | Reached skill level 5 in Short Blades
   413 | D        | Reached skill level 5 in Long Blades
   413 | D        | Reached skill level 5 in Axes
   413 | D        | Reached skill level 5 in Maces & Flails
   413 | D        | Reached skill level 5 in Staves
   413 | D        | Reached skill level 5 in Slings
   413 | D        | Reached skill level 5 in Bows
   413 | D        | Reached skill level 5 in Crossbows
   413 | D        | Reached skill level 5 in Armour
   413 | D        | Reached skill level 5 in Shields
   413 | D        | Reached skill level 5 in Unarmed Combat
   413 | D        | Reached skill level 7 in Spellcasting
   413 | D        | Reached skill level 5 in Invocations
   413 | D        | Reached XP level 7. HP: 16/57 MP: 15/17
   503 | D        | Killed a gargoyle
   627 | D        | Found a burning altar of Makhleb.
   627 | D        | Found a viscous altar of Jiyva.
   627 | D        | Found a shimmering altar of Xom.
   627 | D        | Found a corrupted altar of Lugonu.
   627 | D        | Noticed a slime creature
   644 | D        | Noticed a centaur warrior
   644 | D        | Noticed a centaur warrior
   649 | D        | Noticed Sonja
   655 | D        | HP: 1/57 [Sonja/uncursed short sword of distortion (2)]
   655 | D        | Demolished by Sonja

Vault maps used:
D:        dungeon_sprint_1

Skill      XL: |  1  2  3  4  5  6 |
---------------+-------------------+-----
Fighting       | 3 4 5 |  5.6
Short Blades   | 1 3 4 5 |  5.0
Long Blades    | 1 3 4 5 |  5.0
Axes           | 1 3 4 5 |  5.0
Maces & Flails | 1 3 4 5 |  5.0
Staves         | 1 3 4 5 |  5.0
Slings         | 1 3 4 5 |  5.0
Bows           | 1 3 4 5 |  5.0
Crossbows      | 1 3 4 5 |  5.0
Throwing       | 3 4 5 |  5.6
Armour         | 1 3 4 5 |  5.0
Dodging        | 3 4 5 |  5.6
Shields        | 1 3 4 5 |  5.0
Unarmed Combat | 1 3 4 5 |  5.0
Spellcasting   | 5 6 7 |  7.1
Conjurations   | 2 3 4 |  4.6
Hexes          | 1 2 3 4 |  4.1
Charms         | 1 2 3 4 |  4.1
Summonings     | 1 2 3 4 |  4.1
Necromancy     | 1 2 3 4 |  4.1
Translocations | 1 2 3 4 |  4.1
Transmutations | 1 2 3 4 |  4.1
Fire Magic     | 1 2 3 4 |  4.1
Ice Magic      | 1 2 3 4 |  4.1
Air Magic      | 1 2 3 4 |  4.1
Earth Magic    | 1 2 3 4 |  4.1
Poison Magic   | 1 2 3 4 |  4.1
Invocations    | 1 3 4 5 |  5.4
Evocations     | 3 4 5 |  5.6
Polearms       | 5 6 |  6.8
Stealth        | 3 4 5 |  5.5

Action                   |  1- 3 |  4- 6 |  7- 9 || total
-------------------------+-------+-------+-------++-------
Melee: Spear             |    14 |    31 |       ||    45
       Bite              |     1 |     5 |       ||     6
       Punch             |       |     1 |       ||     1
 Fire: Blowgun           |     2 |     4 |     4 ||    10
  Use: Potion            |       |     1 |       ||     1
 Stab: Sleeping          |       |     1 |       ||     1
Armor: Scale mail        |       |     3 |       ||     3
Dodge: Dodged            |       |     8 |     4 ||    12

Table legend:
 A = Spawn XP
 B = Non-spawn XP
 C = Spawn XP percentage of total XP
 D = Spawn monster count
 E = Non-spawn monster count
 F = Spawn count percentage of total count
 G = Total turns spent on level
                    A         B        C        D         E        F      G
               +---------+---------+-------+---------+---------+-------+---------
         Total |       0 |     625 |   0.0 |       0 |       5 |   0.0 |   655
               +---------+---------+-------+---------+---------+-------+---------
             D |       0 |     625 |   0.0 |       0 |       5 |   0.0 |   655
               +---------+---------+-------+---------+---------+-------+---------
